Map: Invader LE

Players

Sykosys - Winner!

  • Race: Terran Terran
  • League: Silver
  • Spawn Location: 7:00

Fropez

  • Race: Protoss Protoss
  • League: Silver
  • Spawn Location: 11:00

VOD

Have the link to the VOD?

Description

Time

  • Played on: April 16, 2016, 6:42 p.m.
  • Length: 8:35
Show
View Real Time Build Order
Export as new Build Order

Sykosys Terran - Winner!

Build Orders:  

Get SALT Encoding   

  12  0:02  SCV  
  13  0:14  SCV  
  13  0:18  Supply Depot  
  14  0:26  SCV  
  15  0:40  SCV  
  16  0:43  Barracks  
  16  0:52  Refinery  
  16  0:54  SCV  
  17  1:19  SCV  
  18  1:31  SCV  
  19  1:41  Marine  
  19  1:42  Command Center  
  20  1:54  SCV  
  21  2:02  Barracks  
  21  2:06  SCV  
  22  2:13  Supply Depot  
  22  2:18  SCV  
  23  2:48  Marine  
  24  2:54  Engineering Bay  
  24  2:59  Refinery  
  24  3:02  Marine, Barracks  
  25  3:06  Marine  
  25  3:08  Bunker  
  25  3:12  SCV  
  27  3:18  Orbital Command  
  27  3:20  Marine  
  27  3:24  SCV  
  29  3:31  Missile Turret  
  29  3:41  Factory  
  29  3:51  Marine x3  
  32  4:15  Marine x2  
  32  4:16  Marine  
  35  4:30  SCV x2  
  37  4:33  Marine x3, Widow Mine  
  42  4:39  Terran Infantry Weapons Level 1  
  42  4:41  Starport  
  42  4:48  SCV x2  
  44  4:54  Marine x2  
  46  5:01  Marine  
  46  5:28  SCV  
  46  5:30  Marine  
  46  5:44  Marine  
  46  5:48  Marine  
  46  5:51  Missile Turret x2  
  46  5:53  Missile Turret  
  46  6:01  Missile Turret  
  46  6:02  Marine  
  46  6:05  Marine  
  46  6:07  Marine  
  45  6:19  Marine  
  46  6:27  Barracks Tech Lab  
  46  6:31  Command Center  
  46  6:48  Supply Depot x2  
  46  6:49  Refinery  
  46  6:50  Supply Depot  
  46  6:51  Refinery  
  46  6:54  Liberator  
  46  7:10  Marine  
  46  7:11  Marine x2  
  46  7:15  Missile Turret  
  52  7:27  Orbital Command  
  52  7:29  Marine  
  54  7:33  Barracks Tech Lab  
  53  7:37  Widow Mine  
  55  7:45  Orbital Command  
  55  7:55  Missile Turret  
  55  8:06  Starport Reactor  
  52  8:13  Marine  
  52  8:14  Marine x2  
Show
View Real Time Build Order
Export as new Build Order

Fropez Protoss 

Build Orders: Oracle Opening 

Get SALT Encoding   

  12  0:01  Probe (Chrono Boost)  
  13  0:17  Pylon  
  13  0:23  Probe (Chrono Boost)  
  14  0:33  Probe (Chrono Boost)  
  15  0:36  Gateway  
  15  0:44  Probe (Chrono Boost)  
  16  0:51  Assimilator  
  16  0:54  Probe (Chrono Boost)  
  17  1:05  Probe (Chrono Boost)  
  17  1:10  Pylon  
  18  1:15  Probe (Chrono Boost)  
  19  1:25  Cybernetics Core  
  19  1:27  Assimilator  
  19  1:28  Probe (Chrono Boost)  
  20  1:48  Probe (Chrono Boost)  
  20  1:50  Pylon  
  21  1:58  Probe (Chrono Boost)  
  22  2:08  Stargate  
  22  2:12  Probe (Chrono Boost)  
  23  2:16  Zealot  
  26  2:23  Probe (Chrono Boost)  
  26  2:39  Warp Gate  
  25  2:46  Probe (Chrono Boost)  
  26  2:52  Oracle (Chrono Boost)  
  29  2:59  Probe (Chrono Boost)  
  30  3:08  Stalker  
  30  3:10  Probe (Chrono Boost)  
  33  3:20  Probe  
  33  3:24  Pylon  
  34  3:27  Oracle (Chrono Boost)  
  37  3:35  Probe  
  38  3:57  Stargate  
  32  4:36  Nexus  
  32  4:39  Assimilator  
  32  4:41  Assimilator  
  32  4:43  Void Ray (Chrono Boost)  
  40  4:45  Pylon  
  40  4:49  Pylon  
  40  4:50  Void Ray (Chrono Boost)  
  40  5:07  Stalker  
  40  5:18  Mothership Core  
  38  6:22  Void Ray (Chrono Boost)  
  46  6:29  Void Ray (Chrono Boost)  
  42  6:40  Probe  
  43  6:52  Probe  
  44  6:55  Forge  
  44  6:56  Gateway  
  44  7:04  Probe  
  44  7:07  Pylon  
  45  7:10  Pylon  
  45  7:24  Probe  
  45  7:26  Void Ray (Chrono Boost)  
  54  7:31  Void Ray (Chrono Boost)  
  54  7:36  Nexus, Probe  
  55  7:38  Pylon  
  55  7:40  Pylon  
  55  7:48  Probe  
  60  8:07  Probe  
Tags
 
Matchup
PvT
Replay Pack
All Mines
Spawn Locations
Close Positions
Add a new tag
Caveats
  • Supply blocks, unpowered buildings, or Contaminate may cause inaccurate times.
  • Supply counts are checked every 10 seconds.